 Dungeon Crawl Stone Soup version 0.29-a0-364-g921d912d32 (webtiles) character file.

Game seed: 12723501658417586978

99614 freelancePsychic the Fighter (level 15, -14/121 HPs)
             Began as a Demonspawn Transmuter on Apr 30, 2022.
             Was a High Priest of Sif Muna.
             Demolished by a spark wasp (17 damage)
             ... on level 1 of the Spider Nest.
             The game lasted 01:10:48 (28621 turns).

freelancePsychic the Fighter (DsTm)                Turns: 28621, Time: 01:10:49

Health: -14/121    AC: 16    Str:  8 (10) XL:     15   Next: 78%
Magic:  21/38      EV: 20    Int: 20      God:    Sif Muna [*****.]
Gold:   939        SH:  0    Dex: 16      Spells: 12/34 levels left

rFire   + + .      SeeInvis .   a - staff of fire
rCold   x . .      Faith    .   (no shield)
rNeg    . . .      Spirit   .   x - +4 troll leather armour {Pargi}
rPois   .          Reflect  .   K - +2 hat "Ekask" {MP+9}
rElec   .          Harm     .   I - +0 cloak
rCorr   .          Rampage  .   (gloves unavailable)
Will    +....                   A - +1 pair of boots
Stlth   +.........              c - amulet of regeneration
HPRegen 1.90/turn               O - ring of wizardry
MPRegen 0.26/turn               i - ring of fire

@: mighty, agile, channelling
A: claws 3, slimy green scales 2, ignite blood 2, powered by pain 2, corrupting
presence 2
a: Renounce Religion, Channel Magic, Forget Spell, Divine Exegesis


You were on level 1 of the Spider Nest.
You worshipped Sif Muna.
Sif Muna was extremely pleased with you.
You visited 5 branches of the dungeon, and saw 25 of its levels.
You visited 1 bazaar.
You also visited: Sewer, Ossuary and Ice Cave.

You collected 2817 gold pieces.
You spent 1878 gold pieces at shops.

Inventory:

Missiles
 y - 2 throwing nets
Armour
 v - a +0 tower shield of cold resistance
 x - a +4 troll leather armour (worn) {Pargi}
 A - a +1 pair of boots (worn)
 I - a +0 cloak (worn)
 K - the +2 hat "Ekask" (worn) {MP+9}
   (You bought it in a shop on level 2 of the Orcish Mines)

   MP:        It affects your magic capacity (+9).
Magical Staves
 a - a staff of fire (weapon)
Jewellery
 c - an amulet of regeneration (around neck)
 d - a ring of positive energy
 e - a ring of resist corrosion
 i - a ring of fire (right claw)
 E - a ring of poison resistance
 G - a ring of ice
 O - a ring of wizardry (left claw)
Wands
 h - a wand of mindburst (18)
 p - a wand of digging (15)
 q - a wand of flame (31)
 t - a wand of iceblast (22)
 M - a wand of polymorph (5)
Scrolls
 f - 5 scrolls of enchant weapon
 j - a scroll of fear
 n - 5 scrolls of noise
 D - 10 scrolls of teleportation {@r4}
 J - 2 scrolls of torment
 L - 2 scrolls of amnesia
 N - a scroll of silence
 P - a scroll of magic mapping
 R - a scroll of enchant armour
Potions
 b - a potion of cancellation
 g - 5 potions of mutation
 k - 9 potions of flight
 l - 3 potions of magic
 o - 5 potions of curing {@q1}
 r - 3 potions of haste {@q3}
 s - 2 potions of attraction {unknown}
 u - 5 potions of ambrosia {unknown}
 z - 3 potions of brilliance {unknown}
 B - a potion of berserk rage {unknown}
 C - 5 potions of resistance {unknown}
 F - 2 potions of invisibility {unknown}
 H - 3 potions of might {unknown}
Miscellaneous
 w - a lightning rod (4/4)


   Skills:
 + Level 12.2 Fighting
 + Level 7.4 Dodging
 * Level 1.8 Shields
 - Level 3.0 Unarmed Combat
 - Level 10.0 Spellcasting
 - Level 10.7 Conjurations
 - Level 10.1 Transmutations
 - Level 9.9 Fire Magic
 - Level 10.9 Poison Magic
 - Level 10.8 Invocations
 - Level 0.7 Evocations


You had 12 spell levels left.
You knew the following spells:

 Your Spells              Type           Power      Damage    Failure   Level
a - Foxfire               Conj/Fire      100%       2x1d9     1%          1
b - Eringya's Noxious Bo  Tmut/Pois      25%        N/A       9%          6
c - Ignite Poison         Fire/Tmut/Pois 86%        N/A       1%          3
d - Olgreb's Toxic Radia  Pois           52%        N/A       1%          4
e - Fireball              Conj/Fire      43%        3d17      1%          5
f - Beastly Appendage     Tmut           100%       N/A       1%          1
g - Wereblood             Tmut           50%        N/A       1%          2

Your spell library contained the following spells:

 Spells                   Type           Power      Damage    Failure   Level
 Shock                    Conj/Air       100%       1d9       1%          1
 Sting                    Tmut/Pois      100%       1d8       1%          1
 Conjure Flame            Conj/Fire      86%        6-21      1%          3
 Dazzling Flash           Conj/Hex       62%        N/A       1%          3
 Spider Form              Tmut/Pois      51%        N/A       1%          3
 Iskenderun's Battlesphe  Conj           52%        2d10      1%          5
 Slow                     Hex            40%        N/A       4%          1
 Fulminant Prism          Conj/Hex       15%        3d11      4%          4
 Iskenderun's Mystic Bla  Conj/Tloc      31%        2d8       4%          4
 Ice Form                 Ice/Tmut       30%        N/A       5%          4
 Corpse Rot               Necr/Air       20%        N/A       6%          2
 Ensorcelled Hibernation  Hex/Ice        20%        N/A       6%          2
 Starburst                Conj/Fire      43%        6d12      9%          6
 Confusing Touch          Hex            10%        N/A       12%         3
 Ozocubu's Armour         Ice            10%        N/A       12%         3
 Portal Projectile        Hex/Tloc       20%        N/A       12%         3
 Summon Guardian Golem    Hex/Summ       10%        N/A       12%         3
 Tukima's Dance           Hex            10%        N/A       12%         3
 Vampiric Draining        Necr           10%        2d6       12%         3
 Yara's Violent Unravell  Hex/Tmut       15%        3d8       14%         5
 Anguish                  Hex/Necr       5%         N/A       36%         4
 Animate Dead             Necr           5%         N/A       36%         4
 Cause Fear               Hex            5%         N/A       36%         4
 Dispel Undead            Necr           10%        3d9       36%         4
 Passage of Golubria      Tloc           10%        N/A       36%         4
 Metabolic Englaciation   Hex/Ice        5%         N/A       69%         5
 Summon Forest            Summ/Tloc      5%         N/A       69%         5
 Ignition                 Fire           42%        3d12      98%         8
 Death Channel            Necr           5%         N/A       99%         6
 Dispersal                Tloc           5%         N/A       99%         6
 Enfeeble                 Hex            5%         N/A       100%        7
 Haunt                    Necr/Summ      5%         N/A       100%        7
 Ozocubu's Refrigeration  Ice            5%         4d6       100%        7
 Summon Hydra             Summ           5%         N/A       100%        7
 Disjunction              Tloc           5%         N/A       100%        8
 Infestation              Necr           5%         N/A       100%        8
 Chain Lightning          Conj/Air       15%        3d20      100%        9
 Fire Storm               Conj/Fire      43%        8d11      100%        9


Dungeon Overview and Level Annotations

Branches:
Dungeon (15/15)            Temple (1/1) D:7            Lair (6/6) D:8
  Swamp (0/4) Lair:2       Spider (1/4) Lair:3        Slime (0/5) Lair:5
    Orc (2/2) D:11            Elf (0/3) Orc:2        Vaults (0/5) D:13
 Depths (0/4) D:15          Sewer (visited)         Ossuary (visited)
  IceCv (visited)

Altars:
Sif Muna
Uskayaw
Vehumet
Wu Jian
The Shining One
Beogh

Shops:
D:4 ==   D:13 ?   Orc:2 ([(*:

Portals:
Trove: D:14 (give +3 storm dragon scales)

Annotations:
D:7 3 runed translucent doors, ArthosElwyn's ghost, novice DrIE; Shayle's ghost, novice TeBr; Slifar's ghost, novice DrCA; purpskrrrp's ghost, novice MiBe; spaghetti's ghost, novice NaEE
Lair:5 exclusion: 2 oklob plants
Lair:6 Rupert


Innate Abilities, Weirdness & Mutations

You have claws for hands.
You are mostly covered in slimy green scales. (AC +3)
Your demonic aura often causes spilled blood to erupt in flames.
You sometimes gain power by taking damage.
Your presence sometimes corrodes or deforms those you injure.


Message History

The spark wasp closely misses you.
Unknown command.
Unknown command.
Okay, then.
Okay, then.
Okay, then.
Okay, then.
You feel better.
The spark wasp looks even sicker.
The spark wasp buzzes angrily.
The spark wasp is poisoned.
Your corrupting presence corrodes the steelbarb worm!
The steelbarb worm looks even sicker.
Your toxic aura wanes.
Your corrupting presence corrodes the spark wasp!
The steelbarb worm twists and deforms.
The spark wasp misses you.
The spark wasp bursts into living lightning!
The living lightning misses you.
The spark wasp blinks!
Casting: Olgreb's Toxic Radiance (safe; 1% risk of failure)
Confirm with . or Enter, or press ? or * to list all spells.
You feel a strong surge of power!
You ignite the poison in your surroundings!
The spark wasp seems to burn from within!!!
You kill the spark wasp!
Sif Muna accepts your kill.
The spark wasp seems to burn from within!
The spark wasp is moderately wounded.
The moth of wrath seems to burn from within!!!
The moth of wrath is almost dead.
The steelbarb worm seems to burn from within!
The steelbarb worm is moderately wounded.
The spark wasp stings you!
* * * LOW HITPOINT WARNING * * *
The spark wasp shocks you!
* * * LOW HITPOINT WARNING * * *
You focus on the pain.
You feel mightier all of a sudden. The spark wasp stings you!
* * * LOW HITPOINT WARNING * * *
The spark wasp shocks you!
You die...

... .... ....# .^...#
......# ##
(....†.#####.## ..
............... ..#
#.....@...##.# ..##
^......☼y†.##.##...##
.....y.††..##.##...^##
.....................#
..........#w.........#
#.......######......###
##.....######.........#
..#..........#.......#
#[##.########......###


You could see a steelbarb worm (misshapen, corroded), a spark wasp (corroded)
and a moth of wrath.

Vanquished Creatures
  Frances (D:14)
  A ghost moth (Spider:1)
  A white draconian (IceCv)
  2 spark wasps (Spider:1)
  An ettin (D:15)
  A boulder beetle (D:14)
  10 hydras
  Fannar (Lair:2)
  4 vault guards (D:13)
  12 two-headed ogres
  2 ogre magi (Orc:2)
  A catoblepas (Lair:6)
  4 centaur warriors
  A tengu warrior (D:13)
  2 death yaks (Lair:6)
  An orc high priest (Orc:2)
  A hell knight (D:15)
  An iron troll (Orc:2)
  3 deep trolls
  8 skeletal warriors
  A sea snake (shapeshifter) (D:13)
  2 lindwurms
  A necromancer (D:15)
  A harpy (shapeshifter) (D:15)
  2 deep elf pyromancers
  2 wolf spiders (Lair:1)
  11 ugly things
  A mana viper (shapeshifter) (D:14)
  An orc knight (Orc:1)
  5 manticores
  7 cyclopes
  A manticore (shapeshifter) (D:13)
  14 elephants
  2 ice statues (IceCv)
  6 black mambas
  A torpor snail (Lair:6)
  A gargoyle (D:13)
  14 cane toads
  3 yaktaurs (D:12)
  A demonic crawler (Spider:1)
  8 komodo dragons
  5 rime drakes
  A tengu conjurer (D:15)
  2 efreet
  17 trolls
  4 polar bears
  4 meliai
  A hornet (D:9)
  Prince Ribbit (D:6)
  Grinder (D:4)
  2 tarantellas (Spider:1)
  15 slime creatures
  19 blink frogs
  A water elemental (D:12)
  A wraith (D:13)
  Eustachio (D:6)
  A culicivora (Spider:1)
  2 centaur simulacra (D:12)
  5 wyverns
  2 basilisks
  45 yaks
  5 redbacks (Spider:1)
  A steam dragon (Lair:3)
  3 vampire mosquitoes
  4 wargs
  17 water moccasins
  Pargi (Sewer)
  3 black bears
  A meliai simulacrum (D:12)
  14 orc warriors
  A sky beast (D:7)
  2 ice beasts
  27 wolves
  21 ogres
  9 centaurs
  3 kobold brigands
  2 phantoms
  9 bullfrogs
  4 necrophages
  2 scorpions
  5 wights (D:8)
  4 killer bees (D:9)
  2 lindwurm simulacra (IceCv)
  2 howler monkeys
  4 hounds
  8 komodo dragon simulacra (IceCv)
  11 jellies
  A gnoll shaman (D:7)
  16 orc priests
  13 orc wizards
  10 hell rats
  8 mummies (Ossuary)
  Robin (D:2)
  6 adders
  7 gnolls
  5 acid dragon simulacra (IceCv)
  A shadow imp (D:5)
  3 white imps
  3 ufetubi
  6 steam dragon simulacra (IceCv)
  A dart slug (D:4)
  A worm (D:2)
  47 orcs
  18 endoplasms
  15 goblins
  8 hobgoblins
  30 kobolds
  8 quokkas
  9 ball pythons
  3 bats
  2 frilled lizards
  3 gnoll zombies (Ossuary)
  2 hobgoblin zombies (Ossuary)
  A kobold zombie (Ossuary)
  2 orc zombies (Ossuary)
  2 rats
  A butterfly (Lair:5)
671 creatures vanquished.

Vanquished Creatures (collateral kills)
  11 foxfires
11 creatures vanquished.

Vanquished Creatures (others)
  872 foxfires
  47 fungi
  67 plants
986 creatures vanquished.

Grand Total: 1668 creatures vanquished

Notes
Turn   | Place    | Note
-------+----------+-------------------------------------------
     0 | D:1      | freelancePsychic the Demonspawn Transmuter began the quest
                  | for the Orb.
     0 | D:1      | Reached XP level 1. HP: 15/15 MP: 3/3
   438 | D:1      | Found a faded altar of an unknown god.
   512 | D:1      | Gained mutation: You sometimes gain a little power by
                  | taking damage. [demonic ancestry]
   512 | D:1      | Reached XP level 2. HP: 17/21 MP: 3/5
   886 | D:2      | Reached skill level 1 in Poison Magic
  1250 | D:2      | Noticed Robin
  1273 | D:1      | Gained mutation: You have sharp fingernails. [demonic
                  | ancestry]
  1273 | D:1      | Reached XP level 3. HP: 22/26 MP: 6/6
  1348 | D:1      | Learned a level 2 spell: Wereblood
  1549 | D:2      | Killed Robin
  1890 | D:2      | Reached skill level 2 in Fighting
  1890 | D:2      | Gained mutation: You are partially covered in slimy green
                  | scales. (AC +2) [demonic ancestry]
  1890 | D:2      | Reached XP level 4. HP: 33/33 MP: 5/7
  1904 | D:2      | Learned a level 3 spell: Spider Form
  3155 | D:4      | Gained mutation: You have very sharp fingernails. [demonic
                  | ancestry]
  3155 | D:4      | Reached XP level 5. HP: 27/39 MP: 1/8
  3297 | D:4      | Found Ezyban's Jewellery Emporium.
  3321 | D:4      | Noticed Grinder
  3332 | D:4      | Paralysed by Grinder for 5 turns
  3338 | D:4      | Killed Grinder
  3339 | D:4      | Reached skill level 3 in Fighting
  3339 | D:4      | Gained mutation: You are mostly covered in slimy green
                  | scales. (AC +3) [demonic ancestry]
  3339 | D:4      | Reached XP level 6. HP: 20/47 MP: 4/10
  3490 | D:4      | Learned a level 4 spell: Olgreb's Toxic Radiance
  3538 | D:4      | Found Miewka Jymu's Jewellery Shop.
  3715 | D:4      | Identified a scroll of acquirement
  3717 | D:4      | Acquired 451 gold pieces
  3745 | D:4      | Bought an amulet of regeneration for 300 gold pieces
  3891 | D:5      | Entered Level 5 of the Dungeon
  3905 | D:5      | Noticed a water moccasin
  3932 | D:5      | Identified the +6 dagger "Soutz" {venom, rElec rN+}
  4010 | D:5      | Gained mutation: You have claws for hands. [demonic
                  | ancestry]
  4010 | D:5      | Reached XP level 7. HP: 39/53 MP: 9/11
  4025 | D:5      | Reached skill level 5 in Poison Magic
  4085 | D:5      | Reached skill level 4 in Fighting
  4288 | D:5      | Reached XP level 8. HP: 39/61 MP: 3/13
  4426 | D:5      | Reached skill level 5 in Fighting
  4689 | D:6      | Noticed Prince Ribbit
  4703 | D:6      | Killed Prince Ribbit
  4751 | D:6      | Got Sif Muna's Guide on the Volcanoes and Changing
  4754 | D:6      | Learned a level 1 spell: Foxfire
  4812 | D:6      | Found a glowing drain.
  4837 | Sewer    | Entered a sewer
  4863 | Sewer    | Noticed Pargi
  4873 | Sewer    | Killed Pargi
  4874 | Sewer    | Reached skill level 1 in Conjurations
  4874 | Sewer    | Reached skill level 1 in Fire Magic
  5214 | D:6      | Reached skill level 6 in Fighting
  5494 | D:6      | Noticed Eustachio
  5525 | D:6      | Killed Eustachio
  5526 | D:6      | Gained mutation: You sometimes gain power by taking damage.
                  | [demonic ancestry]
  5526 | D:6      | Reached XP level 9. HP: 71/71 MP: 1/14
  5996 | D:7      | Found a runed translucent gate.
  5996 | D:7      | Found a runed translucent gate.
  5996 | D:7      | Found a runed translucent gate.
  5999 | D:7      | Noticed purpskrrrp's ghost (novice MiBe)
  5999 | D:7      | Noticed ArthosElwyn's ghost (novice DrIE)
  6000 | D:7      | Noticed Slifar's ghost (novice DrCA)
  6000 | D:7      | Noticed Shayle's ghost (novice TeBr)
  6000 | D:7      | Noticed spaghetti's ghost (novice NaEE)
  6092 | D:7      | Found a sand-covered staircase.
  6097 | Ossuary  | Entered an ossuary
  6998 | D:7      | Found a staircase to the Ecumenical Temple.
  7022 | Temple   | Entered the Ecumenical Temple
  7051 | Temple   | Became a worshipper of Sif Muna the Loreminder
  7252 | D:7      | Reached skill level 7 in Fighting
  7252 | D:7      | Reached skill level 1 in Invocations
  7275 | D:7      | Found a hide-covered altar of Uskayaw.
  7835 | D:8      | Found a staircase to the Lair.
  8023 | D:8      | Learned a level 5 spell: Fireball
  8367 | D:8      | Reached skill level 5 in Invocations
  8810 | D:9      | Gained mutation: Your presence sometimes corrodes those you
                  | injure. [demonic ancestry]
  8810 | D:9      | Reached XP level 10. HP: 45/79 MP: 13/16
  8840 | D:9      | Reached * piety under Sif Muna
  8846 | D:9      | Noticed a two-headed ogre
  9168 | D:9      | Killed a two-headed ogre
  9169 | D:9      | Reached skill level 5 in Conjurations
  9508 | D:9      | Reached skill level 8 in Fighting
  9512 | D:9      | Reached skill level 5 in Fire Magic
 10026 | D:10     | Entered Level 10 of the Dungeon
 10266 | D:10     | Reached ** piety under Sif Muna
 10379 | D:10     | Noticed a skeletal warrior
 10695 | Lair:1   | Entered Level 1 of the Lair of Beasts
 10707 | Lair:1   | Gained mutation: Your demonic aura sometimes causes spilled
                  | blood to erupt in flames. [demonic ancestry]
 10707 | Lair:1   | Reached XP level 11. HP: 87/87 MP: 1/17
 11003 | Lair:1   | Reached skill level 10 in Invocations
 11152 | Lair:1   | Noticed a wolf spider
 11162 | Lair:1   | Killed a wolf spider
 11163 | Lair:1   | Reached skill level 9 in Fighting
 11371 | Lair:1   | Noticed a wolf spider
 11378 | Lair:1   | Killed a wolf spider
 11522 | Lair:1   | Noticed a seven-headed hydra
 12234 | Lair:2   | Noticed a four-headed hydra
 12392 | Lair:2   | Found a staircase to the Swamp.
 12637 | Lair:2   | Noticed Fannar
 12647 | Lair:2   | Killed Fannar
 12648 | Lair:2   | Reached skill level 5 in Spellcasting
 12882 | Lair:3   | Noticed a four-headed hydra
 12922 | Lair:3   | Found a hole to the Spider Nest.
 13037 | Lair:3   | Killed a four-headed hydra
 13185 | Lair:3   | Reached *** piety under Sif Muna
 13539 | Lair:3   | Reached XP level 12. HP: 62/97 MP: 3/20
 14111 | Lair:3   | Killed a four-headed hydra
 14112 | Lair:3   | Reached skill level 10 in Fighting
 14902 | Lair:4   | Noticed a five-headed hydra
 14910 | Lair:4   | Killed a five-headed hydra
 14911 | Lair:4   | Reached skill level 5 in Dodging
 15039 | Lair:4   | Reached **** piety under Sif Muna
 15865 | Lair:4   | Noticed a six-headed hydra
 15870 | Lair:4   | Killed a six-headed hydra
 15871 | Lair:4   | Gained mutation: Your demonic aura often causes spilled
                  | blood to erupt in flames. [demonic ancestry]
 15871 | Lair:4   | Reached XP level 13. HP: 104/104 MP: 10/23
 17013 | Lair:5   | Reached skill level 11 in Fighting
 17601 | Lair:5   | Found a staircase to the Slime Pits.
 18246 | Lair:6   | Entered Level 6 of the Lair of Beasts
 18419 | Lair:6   | Found a frozen archway.
 18442 | IceCv    | Entered an ice cave
 18676 | IceCv    | Reached skill level 10 in Conjurations
 18904 | IceCv    | Noticed a white draconian
 18921 | IceCv    | Killed a white draconian
 19382 | Lair:6   | Noticed Rupert
 20242 | D:10     | Reached XP level 14. HP: 89/114 MP: 10/26
 21178 | D:11     | Reached skill level 12 in Fighting
 21260 | D:11     | Found a staircase to the Orcish Mines.
 21400 | Orc:1    | Entered Level 1 of the Orcish Mines
 21539 | Orc:1    | Reached ***** piety under Sif Muna
 21820 | Orc:2    | Entered Level 2 of the Orcish Mines
 21832 | Orc:2    | Received a gift from Sif Muna
 21846 | Orc:2    | Found a flickering gateway to a bazaar.
 21851 | Bazaar   | Entered a bazaar
 21929 | Bazaar   | Found Pourridu's Book Boutique.
 21951 | Bazaar   | Found Votreqei's Antique Weapon Emporium.
 21972 | Bazaar   | Found Zaludiub's Book Boutique.
 21992 | Bazaar   | Found Delokewn's Book Shoppe.
 21998 | Bazaar   | Bought the Grimoire of the Voyage and Transmutation for 912
                  | gold pieces
 22013 | Bazaar   | Bought a Fen Folio for 504 gold pieces
 22017 | Bazaar   | Learned a level 3 spell: Ignite Poison
 22024 | Bazaar   | Learned a level 6 spell: Eringya's Noxious Bog
 22164 | Orc:2    | Reached skill level 5 in Transmutations
 22352 | Orc:2    | Found Wohunle's Weapon Shoppe.
 22435 | Orc:2    | Found Rotuhe Kisyj's Book Emporium.
 22602 | Orc:2    | Got Sif Muna's Disquisition on Attacks {god gift}
 22788 | Orc:2    | Found Vesch's Antique Armour Boutique.
 22805 | Orc:2    | Found Emouc's Assorted Antiques.
 22808 | Orc:2    | Bought a warped hat for 162 gold pieces
 22808 | Orc:2    | Identified the +2 hat "Ekask" {MP+9} (You bought it in a
                  | shop on level 2 of the Orcish Mines)
 22934 | Orc:2    | Found Ebbaaqau's Firing Range.
 23129 | Orc:2    | Found a staircase to the Elven Halls.
 25137 | D:13     | Found a gate to the Vaults.
 25143 | D:13     | Reached skill level 10 in Spellcasting
 25143 | D:13     | Gained mutation: Your presence sometimes corrodes or
                  | deforms those you injure. [demonic ancestry]
 25143 | D:13     | Reached XP level 15. HP: 113/120 MP: 21/29
 25431 | D:13     | Got the Catalogue of the Creative Birds
 26010 | D:13     | Found Mooth's Magic Scroll Boutique.
 26196 | D:14     | Reached skill level 10 in Poison Magic
 26895 | D:14     | Found an ornate altar of the Wu Jian Council.
 27022 | D:14     | Noticed Frances
 27028 | D:14     | Killed Frances
 27134 | D:14     | Found a portal to a secret trove of treasure.
 27272 | D:15     | Entered Level 15 of the Dungeon
 27582 | D:15     | Found a staircase to the Depths.
 27624 | D:15     | Received a gift from Sif Muna
 27625 | D:15     | Got Sif Muna's Guide on Dislocated Malediction {god gift}
 28056 | D:15     | Reached skill level 10 in Transmutations
 28528 | Spider:1 | Entered Level 1 of the Spider Nest
 28583 | Spider:1 | Reached skill level 1 in Shields
 28621 | Spider:1 | HP: 3/121 [spark wasp (14)]
 28621 | Spider:1 | Demolished by a spark wasp

Illustrated notes

Levels and vault maps discovered:
D:1:      elethiomel_arrival_shortcut, layout_basic,
          shapermc_ecumenical_altar_starsandcircs
D:2:      layout_loops_cross, uniq_robin
D:3:      layout_basic, serial_co_window_serial, co_window_paths_b,
          co_window_paths_b, co_window_of_opportunity_a, co_window_paths_a,
          co_window_paths_a, co_window_corner_b, co_window_2corner,
          co_window_broadway_a, co_window_cross_2, co_window_cross_4,
          co_window_2corner, co_window_unsneaky_path_b, co_window_4corner_b,
          glass_columns_c, glass_columns_a, glass_columns_a, glass_columns_a
D:4:      layout_cave_pools, serial_shops, shop, nicolae_shop_crystal,
          uniq_grinder
D:5:      layout_rooms
D:6:      layout_basic, portal_sewer_entry_d, minmay_misc_feat_iff,
          uniq_prince_ribbit1, uniq_eustachio
D:7:      minmay_spotlight, layout_loops_corners,
          mainiacjoe_overflow_cross_hatched, minmay_temple_entry_mini_moons,
          gammafunk_ghost_cemetery, enter_ossuary_2, lemuel_flamethrower_2
D:8:      layout_gridville, lair_entry_dummy
D:9:      layout_loops_ring
D:10:     layout_cave_pools
D:11:     layout_grid_maze, erik_orc_4
D:12:     layout_rooms, serial_ice, serial_ice_k, serial_ice_b, serial_ice_o,
          serial_ice_f, david_defended_altar_orc
D:13:     layout_loops_cross, lightli_vaults_fourway_checkpoint, serial_shops,
          kennysheep_little_box
D:14:     layout_basic, nicolae_trove_entry_isolated,
          nicolae_wu_jian_wuxing_cycle, uniq_frances
D:15:     hangedman_depths_entry_civil_slaughter, layout_irregular_city
Temple:   mainiacjoe_temple_archimedes_tessellation
Lair:1:   layout_loops_ring, nicolae_lair_run_with_the_wolves
Lair:2:   layout_big_grid, minmay_swamp_entry_swarm, minmay_holes, minivault_27,
          lemuel_fruit_tree, uniq_fannar
Lair:3:   lemuel_slime, layout_chaotic_city, hellmonk_spider_entry_not_the_bees,
          beast_lair_carwin_4, grunt_megastairs_3, infiniplex_staircase_pool,
          serial_bayou_shore_b
Lair:4:   layout_concentric_octagons
Lair:5:   layout_cave_pods, minmay_slime_entry_oklob_enclosed,
          lemuel_fruit_fields
Lair:6:   hellmonk_lair_end_abyssal_woods, layout_loops_ring,
          portal_ice_cave_entry_pillars_1, grunt_megastairs_5, uniq_urug,
          uniq_rupert
Spider:1: layout_chambers, nicolae_spider_bzzzt
Orc:1:    layout_diamond_mine, basic_altar
Orc:2:    st_orc_open, layout_caves, serial_shops, bzr_entry_gold,
          statue_in_the_mist_lemuel, nicolae_shop_firing_range

Skill      XL: |  1  2  3  4  5  6  7  8  9 10 11 12 13 14 15 |
---------------+----------------------------------------------+-----
Transmutations | 2 7 10 | 10.1
Poison Magic   | 1 3 4 6 7 8 9 10 | 10.9
Unarmed Combat | 3 |  3.0
Fighting       | 2 3 4 6 7 8 9 10 11 12 | 12.2
Spellcasting   | 3 4 5 7 8 10 | 10.0
Conjurations   | 2 4 6 7 9 10 | 10.7
Fire Magic     | 2 4 5 7 8 9 |  9.9
Dodging        | 2 3 5 7 |  7.4
Invocations    | 5 9 10 | 10.8
Shields        | 1 |  1.8
Evocations     | |  0.7

Action                   |  1- 3 |  4- 6 |  7- 9 | 10-12 | 13-15 || total
-------------------------+-------+-------+-------+-------+-------++-------
Melee: Unarmed           |    95 |   129 |   152 |    45 |    21 ||   442
       Kick              |    10 |     1 |     2 |       |       ||    13
       Headbutt          |     3 |     5 |     1 |       |       ||     9
       Punch             |     1 |       |     9 |    13 |     5 ||    28
       Staff             |       |       |    73 |   225 |    85 ||   383
 Cast: Beastly Appendage |    14 |     7 |     2 |       |       ||    23
       Wereblood         |     1 |     1 |       |       |       ||     2
       Spider Form       |       |     5 |     6 |     2 |       ||    13
       Olgreb's Toxic Ra |       |       |    23 |   111 |    86 ||   220
       Foxfire           |       |       |   127 |   253 |   116 ||   496
       Fireball          |       |       |       |    23 |   214 ||   237
       Ignite Poison     |       |       |       |       |    53 ||    53
       Eringya's Noxious |       |       |       |       |    21 ||    21
Invok: Channel Magic     |       |       |       |     8 |    15 ||    23
       Divine Exegesis   |       |       |       |       |     1 ||     1
 Abil: End Transformatio |       |     1 |     2 |       |       ||     3
Evoke: Wand              |     1 |     6 |     1 |       |    13 ||    21
  Use: Scroll            |       |     8 |     9 |     9 |    13 ||    39
       Potion            |       |       |     3 |     2 |     2 ||     7
 Stab: Sleeping          |       |     1 |     2 |       |       ||     3
Armor: Robe              |    29 |    25 |    22 |       |       ||    76
       Skin              |       |     6 |    10 |       |       ||    16
       Troll leather arm |       |       |    60 |   257 |   164 ||   481
Dodge: Dodged            |    70 |    84 |   176 |   375 |   305 ||  1010

Table legend: (Time is in decaauts)
 A = Elapsed time spent in this place.
 B = Non-inter-level travel time spent in this place.
 C = Inter-level travel time spent in this place.
 D = Time resting spent in this place.
 E = Time spent auto-exploring this place.
 F = Levels seen in this place.
 G = Mean time per level.
                   A        B        C        D        E       F      G
               +--------+--------+--------+--------+--------+-----+--------+
         Total |  28730 |  27402 |   1328 |    963 |  21296 |  29 |  990.7 |
       Dungeon |  16744 |  15875 |    869 |    630 |  12394 |  15 | 1116.3 |
        Temple |     41 |     30 |     11 |      0 |     12 |   1 |   41.0 |
          Lair |   8814 |   8420 |    394 |    301 |   6624 |   6 | 1469.0 |
   Spider Nest |     93 |     93 |      0 |      0 |     39 |   1 |   93.0 |
  Orcish Mines |   1380 |   1328 |     52 |      0 |   1044 |   2 |  690.0 |
        Bazaar |    256 |    256 |      0 |      0 |    169 |   1 |  256.0 |
         Sewer |    241 |    241 |      0 |      0 |    154 |   1 |  241.0 |
       Ossuary |    436 |    436 |      0 |      0 |    318 |   1 |  436.0 |
      Ice Cave |    722 |    722 |      0 |     32 |    542 |   1 |  722.0 |
               +--------+--------+--------+--------+--------+-----+--------+

Top non-repeatable levels by time:
  Lair:4: 1937 daAuts
  Lair:3: 1864 daAuts
     D:9: 1851 daAuts
  Lair:5: 1827 daAuts
  Lair:1: 1687 daAuts
    D:11: 1638 daAuts
     D:7: 1398 daAuts
     D:3: 1303 daAuts
     D:8: 1232 daAuts
    D:13: 1231 daAuts
   Orc:2: 1226 daAuts
    D:14: 1117 daAuts
  Lair:2: 1082 daAuts
    D:15: 1046 daAuts
    D:12: 964 daAuts
